 Dungeon Crawl Stone Soup version 0.31-a0-1547-g618ab1f346 (webtiles) character file.

Game seed: 2624977688011469219

11458 Flugslaktarn the Thaumaturge (level 11, -1/75 HPs)
             Began as an Octopode Alchemist on Jan 3, 2024.
             Was an Elder of Kikubaaqudgha.
             Slain by a centaur warrior (11 damage)
             ... on level 11 of the Dungeon.
             The game lasted 00:25:03 (5306 turns).

Flugslaktarn the Thaumaturge (Octopode Alchemist)   Turns: 5306, Time: 00:25:04

Health: -1/75      AC:  1    Str: 20    XL:     11   Next: 78%
Magic:  11/25      EV: 13    Int: 24    God:    Kikubaaqudgha [****..]
Gold:   723        SH:  0    Dex: 18    Spells: 3/30 levels left

rFire   . . .        y - staff of alchemy
rCold   . . .        (no shield)
rNeg    . . .        (helmet restricted)
rPois   +            v - amulet of the acrobat
rElec   .            i - ring of wizardry
rCorr   .            I - +6 ring of strength
SInv    .            A - +6 ring of strength
Will    .....        o - ring of poison resistance
Stlth   +++          r - ring of Xom's Whimsicality {^Drain rPois Int+2 Dex+6 Slay+2}
HPRegen 0.32/turn    (no ring)
MPRegen 0.19/turn    (no ring)
                     (no ring)

%: acrobat, wizardry (x1)
@: no status effects
A: almost no armour, amphibious, 8 rings, camouflage 1, gelatinous body 1,
(nimble swimmer 1), tentacles, robust 1
a: Renounce Religion, Unearth Wretches


You were on level 11 of the Dungeon.
You worshipped Kikubaaqudgha.
Kikubaaqudgha was greatly pleased with you.
You visited 2 branches of the dungeon, and saw 12 of its levels.
You also visited: Bailey.

You collected 723 gold pieces.

Inventory:

Hand Weapons
 j - a +2 short sword of draining
   (You took it off an orc on level 4 of the Dungeon)
 s - a +3 scimitar of flaming
   (You took it off a wight on level 6 of the Dungeon)
 C - the +9 dagger "Xeunaty" {chaos, rElec rPois}
   (You took it off a kobold demonologist on level 8 of the Dungeon)

   rElec:     It insulates you from electricity.
   rPois:     It protects you from poison
Magical Staves
 y - a staff of alchemy (weapon)
   (You found it on level 6 of the Dungeon)
 M - a staff of conjuration
   (You found it on level 10 of the Dungeon)
Jewellery
 i - a ring of wizardry (left tentacle)
   (You found it on level 3 of the Dungeon)
 o - a ring of poison resistance (on tentacle)
   (You found it on level 9 of the Dungeon)
 r - the ring of Xom's Whimsicality (on tentacle) {^Drain rPois Int+2 Dex+6 Slay+2}
   (You acquired it on level 10 of the Dungeon)

   [ring of dexterity]

   Int+2:     It affects your intelligence (+2).
   Dex+6:     It affects your dexterity (+6).
   Slay+2:    It affects your accuracy & damage with ranged weapons and melee
   (+2).
   rPois:     It protects you from poison ^Drain: It drains your maximum health
   when unequipped.
 v - an amulet of the acrobat (around mantle)
   (You found it on level 6 of the Dungeon)
 A - a +6 ring of strength (on tentacle)
   (You found it on level 7 of the Dungeon)
 F - a ring of fire
   (You found it on level 9 of the Dungeon)
 I - a +6 ring of strength (right tentacle)
   (You found it on level 7 of the Dungeon)
 O - an amulet of faith
   (You found it on level 11 of the Dungeon)
 Q - an amulet of guardian spirit
   (You found it on level 11 of the Dungeon)
Talismans
 D - a serpent talisman
   (You found it on level 8 of the Dungeon)
Wands
 g - a wand of digging (16)
   (You found it on level 9 of the Dungeon)
 k - a wand of quicksilver (1)
   (You found it on level 3 of the Dungeon)
 m - a wand of flame (12)
   (You found it on level 9 of the Dungeon)
 L - a wand of paralysis (5)
   (You found it on level 10 of the Dungeon)
Scrolls
 b - a scroll of fog
 c - 2 scrolls of torment
 h - 2 scrolls of enchant armour
 n - 2 scrolls of fear
 t - 2 scrolls of teleportation
 u - a scroll of enchant weapon
 x - a scroll of brand weapon
 z - 2 scrolls of blinking
 B - a scroll of vulnerability {unknown}
 E - a scroll of summoning
 H - 2 scrolls of amnesia {unknown}
 K - a scroll of silence {unknown}
 N - 2 scrolls of poison
Potions
 a - 2 potions of magic
 d - 2 potions of might
 f - 2 potions of brilliance
 l - 2 potions of attraction
 p - 3 potions of invisibility
 q - 2 potions of curing
 G - 2 potions of mutation {unknown}
 J - a potion of lignification {unknown}
 P - a potion of enlightenment {unknown}
Miscellaneous
 e - a lightning rod (1/4)
   (You found it in a bailey)


   Skills:
 - Level 4.0 Fighting
 - Level 2.0 Dodging
 - Level 2.6 Stealth
 + Level 10.1 Spellcasting
 - Level 1.0 Conjurations
 + Level 9.7 Necromancy
 + Level 5.3 Ice Magic
 - Level 10.0 Alchemy
 - Level 3.0 Evocations


You had 3 spell levels left.
You knew the following spells:

 Your Spells              Type           Power      Damage    Failure   Level
a - Sting                 Conj/Alch      100%       1d9       1%          1
b - Olgreb's Toxic Radia  Alch           74%        N/A       1%          4
c - Frozen Ramparts       Ice            74%        1d12      1%          3
d - Animate Dead          Necr           56%        N/A       1%          4
e - Sticky Flame          Fire/Alch      53%        2d9       2%          4
g - Anguish               Hex/Necr       17%        N/A       2%          4
h - Sculpt Simulacrum     Ice/Alch       32%        N/A       14%         6
q - Apportation           Tloc           24%        N/A       2%          1

Your spell library contained the following spells:

 Spells                   Type           Power      Damage    Failure   Level
 Kiss of Death            Conj/Necr      100%       2d13      1%          1
 Necrotise                Necr           100%       1d9       1%          1
 Cigotuvi's Dreadful Rot  Necr/Alch/Air  100%       N/A       1%          2
 Mercury Vapours          Alch/Air       100%       N/A       1%          2
 Hailstorm                Conj/Ice       27%        3d8       1%          3
 Mephitic Cloud           Conj/Alch/Air  44%        N/A       1%          3
 Vampiric Draining        Necr           56%        2d10      1%          3
 Summon Small Mammal      Summ           48%        N/A       2%          1
 Summon Ice Beast         Ice/Summ       24%        N/A       2%          3
 Jinxbite                 Hex            24%        N/A       3%          2
 Dispel Undead            Necr           56%        3d20      1%          4
 Alistair's Intoxication  Alch           49%        N/A       1%          5
 Curse of Agony           Necr           56%        N/A       1%          5
 Leda's Liquefaction      Alch/Erth      26%        N/A       2%          4
 Martyr's Knell           Necr/Summ      35%        N/A       2%          4
 Petrify                  Alch/Erth      53%        N/A       2%          4
 Metabolic Englaciation   Hex/Ice        12%        N/A       19%         5
 Summon Forest            Summ/Tloc      6%         N/A       47%         5
 Summon Mana Viper        Hex/Summ       12%        N/A       47%         5
 Summon Cactus Giant      Summ           6%         N/A       95%         6


Dungeon Overview and Level Annotations

Branches:
Dungeon (11/15)            Temple (1/1) D:4          Bailey (visited)
   Lair: D:8-11         Orc: D:9-12

Altars:
Ashenzari
Cheibriados
Dithmenos
Elyvilon
Fedhas
Gozag
Hepliaklqana
Kikubaaqudgha
Makhleb
Nemelex Xobeh
Okawaru
Qazlal
Ru
Sif Muna
Trog
Uskayaw
Vehumet
Wu Jian
Xom
Yredelemnul
Zin
The Shining One

Shops:
D:5 =   D:9 !   D:10 (   D:11 [

Annotations:
D:6 1 runed translucent door, Chqr's ghost, novice MiFi
D:7 3 runed translucent doors, Raspi's ghost, novice TrSh
D:10 1 runed translucent door, Arcadio's ghost, journeyman OnCA


Innate Abilities, Weirdness & Mutations

You cannot wear most types of armour.
You are amphibious.
You can wear up to eight rings at the same time.
Your skin changes colour to match your surroundings (Stealth+).
Your rubbery body absorbs attacks. (AC +1, EV +1)
((You are camouflaged when in or above water. (Stealth+)))
You have tentacles for arms and can constrict up to eight enemies at once.
You are robust. (+10% HP)


Message History

Casting: Olgreb's Toxic Radiance (safe; 1% risk of failure)
Confirm with . or Enter, or press ? or * to list all spells.
You feel a surge of power!
You begin to radiate toxic energy.
The two-headed ogre is poisoned.
You hear the loud beating of a drum nearby.
Casting: Olgreb's Toxic Radiance (safe; 1% risk of failure)
Confirm with . or Enter, or press ? or * to list all spells.
You feel a surge of power!
Your toxic radiance grows in intensity.
Found a glowing bronze amulet.
The two-headed ogre is poisoned.
Your toxic aura wanes.
Q - an amulet of guardian spirit
Casting: Olgreb's Toxic Radiance (safe; 1% risk of failure)
Confirm with . or Enter, or press ? or * to list all spells.
You feel a surge of power!
You begin to radiate toxic energy.
The two-headed ogre is poisoned.
The two-headed ogre looks even sicker.
Your toxic aura wanes.
Casting: Olgreb's Toxic Radiance (safe; 1% risk of failure)
Confirm with . or Enter, or press ? or * to list all spells.
Aiming: Sting (safe; 1% risk of failure)
Press: ? - help, Shift-Dir - straight line, f - two-headed ogre
Aim: a two-headed ogre, wielding a +0 giant club and a +0 giant spiked club (almost dead, very poisoned, 89% to hit)
You feel a surge of power!
The sting hits the two-headed ogre.
The two-headed ogre looks even sicker.
The two-headed ogre is almost dead.
You kill the two-headed ogre!
Kikubaaqudgha accepts your kill.
Your lightning rod (2/4) has regained one charge.
Your Spellcasting skill increases to level 10!
Your Ice Magic skill increases to level 5!
Things that are here:
a +0 giant club; a +0 giant spiked club; a two-headed ogre corpse
c - 2 scrolls of torment (gained 1)
You now have 723 gold pieces (gained 14).
A centaur warrior comes into view.
The centaur warrior shouts!
The centaur warrior wields a +0 orcbow.
The centaur warrior shoots an arrow.
The arrow closely misses you.
You hear the loud beating of a drum nearby.
The centaur warrior shoots an arrow.
The arrow hits you!!
You hear a shout!
Casting: Sting (safe; 1% risk of failure)
Confirm with . or Enter, or press ? or * to list all spells.
You feel a surge of power!
You begin to radiate toxic energy.
The boulder beetle is poisoned.
The centaur warrior is poisoned.
The boulder beetle looks even sicker.
The centaur warrior looks even sicker.
The centaur warrior shoots an arrow.
The arrow barely misses you.
The boulder beetle curls into a ball and begins rolling!
A centaur comes into view.
The boulder beetle looks even sicker.
The centaur shouts!
The centaur is poisoned.
The centaur warrior shoots an arrow.
The arrow hits you!!
* * * LOW HITPOINT WARNING * * *
A centaur comes into view.
The centaur wields a +0 shortbow.
The centaur shoots an arrow.
The arrow completely misses you.
The centaur warrior shoots an arrow.
The arrow closely misses you.
You feel much better.
The centaur warrior looks even sicker.
The centaur is poisoned.
The centaur looks even sicker.
The centaur wields a +1 shortbow of freezing.
It is covered in frost.
The centaur shoots an arrow.
The arrow misses you.
The centaur shoots an arrow.
The arrow barely misses you.
Aiming: Thunderbolt
Press: ? - help, Shift-Dir - straight line, f - centaur warrior
Aim: a centaur warrior, wielding a +0 orcbow and wearing a +0 robe (moderately wounded, very poisoned)
The thunderbolt hits the centaur warrior!!
The centaur warrior is severely wounded.
The boulder beetle looks as sick as possible!
The centaur looks even sicker.
You hear a shout! x3
You kill the boulder beetle!
Kikubaaqudgha accepts your kill.
The centaur warrior shoots an arrow.
The arrow closely misses you.
The centaur shoots an arrow.
The arrow hits you!
The centaur warrior shoots an arrow.
The arrow hits you.
* * * LOW HITPOINT WARNING * * *
The centaur shoots an arrow.
The arrow hits you!
* * * LOW HITPOINT WARNING * * *
The arrow freezes you.
* * * LOW HITPOINT WARNING * * *
You feel much better.
The centaur looks even sicker.
Your toxic aura wanes.
The centaur shoots an arrow.
The arrow hits you!
The centaur warrior shoots an arrow.
The arrow closely misses you.
The centaur shoots an arrow.
The arrow hits you.
* * * LOW HITPOINT WARNING * * *
The arrow freezes you.
* * * LOW HITPOINT WARNING * * *
The centaur warrior unwields a +0 orcbow.
The centaur warrior hits you.
* * * LOW HITPOINT WARNING * * *
The centaur warrior completely misses you.
The centaur warrior hits you!
* * * LOW HITPOINT WARNING * * *
The centaur warrior misses you.
You feel better. The centaur warrior hits you!
You die...
Kikubaaqudgha rasps: "You have failed me!
Welcome... death!"

####.## ###.......# .#
...)..####........## .## ##
###.)∩......####...##..#...
#....###.## #.#...#...##
#.....##.# ##.##........
###.#.#....####..##.c....?.
...)...<............c.....>
#####.#......##.###........
#...........@##...c.^..
##.....##.#.c#.........
##.#..#................
....##.#..####........
#.###..#..####........
#.###.##.....##..####
#.....#..###.# . #....##.##
B. #.##....# ##


You could see a centaur warrior (very poisoned).

Vanquished Creatures
  2 two-headed ogres (D:11)
  A boulder beetle (D:11)
  Pikel (D:5)
  2 ugly things (D:8)
  A kobold demonologist (D:8)
  A komodo dragon (D:11)
  A troll (D:10)
  A hornet (D:8)
  A slime creature (D:10)
  2 shadows
  9 yaks
  A wyvern (D:8)
  A wraith (D:6)
  3 black bears
  3 ice beasts
  9 orc warriors
  2 sky beasts (D:7)
  4 lemures (D:5)
  2 centaurs (D:7)
  A phantom (D:7)
  3 kobold brigands
  2 bullfrogs (D:6)
  3 scorpions
  7 wights
  5 killer bees (D:9)
  3 bombardier beetles
  6 hounds
  2 jellies
  8 orc priests
  3 gnoll boudas
  3 iguanas
  2 orc wizards
  25 gnolls
  4 adders
  A shadow imp (D:7)
  2 white imps
  4 ufetubi
  3 ribbon worms (D:4)
  A dart slug (D:2)
  37 orcs
  3 ball pythons
  3 endoplasms
  A giant cockroach (D:4)
  19 goblins
  10 hobgoblins
  6 jackals
  13 kobolds
  A rat (D:2)
228 creatures vanquished.

Vanquished Creatures (collateral kills)
  A slime creature (D:10)
  A wyvern (D:8)
  An orc warrior (Bailey)
  2 kobold brigands (D:8)
  An orc wizard (D:10)
6 creatures vanquished.

Vanquished Creatures (others)
  An orc warlord (Bailey)
  An unseen horror (D:8)
  An unseen horror zombie (D:8)
  An orc warrior (Bailey)
  A yak zombie (D:10)
  A bombardier beetle (D:8)
  A sleepcap (D:6)
  3 kobold zombies (D:8)
  6 orc zombies
  An adder zombie (D:8)
  3 gnoll zombies (Bailey)
  A goblin (D:8)
  A bombardier beetle zombie (D:8)
  6 goblin zombies
  2 hobgoblin zombies (Bailey)
  A rat (D:8)
  A rat zombie (D:8)
32 creatures vanquished.

Grand Total: 266 creatures vanquished

Notes
Turn   | Place    | Note
-------+----------+-------------------------------------------
     0 | D:1      | Flugslaktarn the Octopode Alchemist began the quest for the
                  | Orb.
     0 | D:1      | Reached XP level 1. HP: 11/11 MP: 3/3
    86 | D:1      | Reached XP level 2. HP: 7/17 MP: 1/5
   378 | D:3      | Reached XP level 3. HP: 21/21 MP: 4/6
   403 | D:3      | Found an iron altar of Okawaru.
   403 | D:3      | Found an ornate altar of the Wu Jian Council.
   430 | D:3      | Found a hide-covered altar of Uskayaw.
   444 | D:3      | Reached XP level 4. HP: 9/27 MP: 0/8
   573 | D:3      | Reached skill level 5 in Alchemy
   602 | D:3      | Learned a level 4 spell: Olgreb's Toxic Radiance
   606 | D:3      | Learned a level 3 spell: Frozen Ramparts
   630 | D:3      | Reached XP level 5. HP: 19/31 MP: 4/9
   992 | D:4      | Found a staircase to the Ecumenical Temple.
  1000 | Temple   | Entered the Ecumenical Temple
  1010 | Temple   | Became a worshipper of Kikubaaqudgha
  1041 | D:4      | Reached XP level 6. HP: 33/36 MP: 3/10
  1256 | D:5      | Entered Level 5 of the Dungeon
  1270 | D:5      | Noticed Pikel
  1279 | D:5      | Found Ruarehi's Jewellery Shop.
  1281 | D:5      | Killed Pikel
  1282 | D:5      | Reached XP level 7. HP: 41/41 MP: 1/11
  1313 | D:5      | Found a hazy altar of Hepliaklqana.
  1523 | D:5      | Reached XP level 8. HP: 21/46 MP: 1/12
  1565 | D:5      | Reached * piety under Kikubaaqudgha
  1565 | D:5      | Received a gift from Kikubaaqudgha
  1566 | D:5      | Reached skill level 10 in Alchemy
  1574 | D:5      | Learned a level 4 spell: Animate Dead
  1682 | D:5      | Reached skill level 1 in Ice Magic
  1708 | D:6      | Noticed a wraith
  1861 | D:6      | Reached skill level 1 in Evocations
  1892 | D:6      | Reached skill level 1 in Necromancy
  2006 | D:6      | Killed a wraith
  2140 | D:6      | Reached XP level 9. HP: 52/52 MP: 5/16
  2145 | D:6      | Learned a level 4 spell: Sticky Flame
  2332 | D:6      | Reached skill level 5 in Spellcasting
  2355 | D:6      | Reached ** piety under Kikubaaqudgha
  2379 | D:6      | Reached skill level 5 in Necromancy
  2400 | D:6      | Found a runed translucent door.
  2413 | D:6      | Noticed Chqr's ghost (novice MiFi)
  2521 | D:6      | Found a blossoming altar of Fedhas.
  2811 | D:7      | Found a runed translucent gate.
  2812 | D:7      | Found a runed translucent gate.
  2813 | D:7      | Found a runed translucent gate.
  2813 | D:7      | Noticed Raspi's ghost (novice TrSh)
  2936 | D:7      | Reached XP level 10. HP: 51/57 MP: 11/19
  2997 | D:7      | Noticed a cyclops
  3124 | D:7      | Reached skill level 1 in Fighting
  3332 | D:8      | Found a large runed translucent door.
  3333 | D:8      | Found a large runed translucent door.
  3339 | D:8      | Found a shimmering altar of Xom.
  3339 | D:8      | Noticed a purple ugly thing
  3340 | D:8      | Noticed a cyan ugly thing
  3344 | D:8      | Identified the +9 dagger "Xeunaty" {chaos, rElec rPois}
  3344 | D:8      | Noticed a kobold demonologist
  3359 | D:8      | Gained mutation: You are robust. (+10% HP) [a neqoxec]
  3360 | D:8      | Killed a purple ugly thing
  3363 | D:8      | Killed a purple ugly thing
  3363 | D:8      | Killed a kobold demonologist
  3428 | D:8      | Learned a level 1 spell: Apportation
  3606 | D:9      | Reached *** piety under Kikubaaqudgha
  3606 | D:9      | Received a gift from Kikubaaqudgha
  3646 | D:9      | Found Utyh's Distillery.
  3775 | D:9      | Found a flagged portal.
  3783 | Bailey   | Entered a bailey
  4196 | Bailey   | Learned a level 4 spell: Anguish
  4199 | Bailey   | Noticed an orc warlord
  4214 | Bailey   | Killed an orc warlord
  4215 | Bailey   | Reached XP level 11. HP: 75/75 MP: 5/24
  4260 | Bailey   | Acquired a book of the Tundra
  4269 | Bailey   | Learned a level 6 spell: Sculpt Simulacrum
  4418 | D:9      | Reached **** piety under Kikubaaqudgha
  4571 | D:10     | Entered Level 10 of the Dungeon
  4748 | D:10     | Found a runed translucent door.
  4748 | D:10     | Found a shimmering altar of Xom.
  4748 | D:10     | Noticed Arcadio's ghost (journeyman OnCA)
  4749 | D:10     | Noticed a +0 halberd of chaos
  4761 | D:10     | Found a shimmering blue altar of Sif Muna.
  4796 | D:10     | Found Yzxups's Weapon Shop.
  5072 | D:10     | Acquired the ring of Xom's Whimsicality {^Drain rPois Int+2
                  | Dex+6 Slay+2}
  5198 | D:11     | Noticed a two-headed ogre
  5198 | D:11     | Found Filere's Armour Shoppe.
  5212 | D:11     | Killed a two-headed ogre
  5233 | D:11     | Noticed a boulder beetle
  5237 | D:11     | Noticed a two-headed ogre
  5269 | D:11     | Killed a two-headed ogre
  5270 | D:11     | Reached skill level 10 in Spellcasting
  5270 | D:11     | Reached skill level 5 in Ice Magic
  5295 | D:11     | Noticed a centaur warrior
  5303 | D:11     | Killed a boulder beetle
  5305 | D:11     | HP: 1/75 [centaur warrior (14)]
  5306 | D:11     | Slain by a centaur warrior

Illustrated notes

Levels and vault maps discovered:
D:1:      dpeg_arrival_round_b, layout_basic, chequers_serial_rivers_small_b,
          hangedman_feature_mirror
D:2:      layout_basic, basic_altar, dreamdust_ecumenical_altar_drowned_temple,
          uniq_terence
D:3:      layout_basic, eat_drink_and_be_merry_uskayaw,
          gammafunk_temple_overflow_pools
D:4:      layout_loops_ring, minmay_temple_entry_grid
D:5:      layout_rooms, nicolae_hepliaklqana_hazy_memory, serial_shops, shop,
          uniq_pikel
D:6:      layout_cave_pods, mainiacjoe_overflow_alcove_4, gammafunk_ghost_grave,
          dreamdust_gnoll_farm
D:7:      layout_basic, serial_rivers, chequers_serial_rivers_marsh,
          chequers_serial_rivers_small_b, chequers_serial_rivers_room_a,
          chequers_serial_rivers_micro_e, chequers_serial_rivers_micro_e,
          chequers_serial_rivers_micro_c, gammafunk_ghost_split
D:8:      due_chaos_kobolds, layout_gridville, grunt_lair_entry_orc_guard_hut,
          nrook_mini_backslash
D:9:      layout_basic, serial_shops, shop, enter_bailey_2
D:10:     layout_cave_pools, led_sif_pool, serial_shops,
          nicolae_shop_bloodbath_and_beyond, ebering_ghost_xom
D:11:     layout_rooms, gauntlet_entry_generic, serial_shops, shop, uniq_fannar,
          uniq_maurice
Temple:   eino_temple_scatter_basement

Skill      XL: |  1  2  3  4  5  6  7  8  9 10 11 |
---------------+----------------------------------+-----
Alchemy        | 4 5 6 8 9 10 | 10.0
Spellcasting   | 3 4 6 9 10 | 10.1
Ice Magic      | 3 5 |  5.3
Evocations     | 2 3 |  3.0
Necromancy     | 2 7 8 9 |  9.7
Fighting       | 4 |  4.0
Dodging        | |  2.0
Stealth        | |  2.6
Conjurations   | |  1.0

Action                     |  1- 3 |  4- 6 |  7- 9 | 10-12 || total
---------------------------+-------+-------+-------+-------++-------
  Melee: Unarmed           |    21 |     6 |       |       ||    27
         Constrict         |     4 |    13 |    14 |     9 ||    40
         Tentacles         |     4 |    12 |    10 |    10 ||    36
         Short sword       |       |    46 |    25 |       ||    71
         Scimitar          |       |       |     6 |     9 ||    15
         Staff             |       |       |    22 |    27 ||    49
         Punch             |       |       |     1 |       ||     1
   Cast: Sting             |    22 |    39 |    57 |    25 ||   143
         Olgreb's Toxic Ra |       |     2 |    26 |    48 ||    76
         Frozen Ramparts   |       |       |     3 |       ||     3
         Sticky Flame      |       |       |     3 |     8 ||    11
         Animate Dead      |       |       |       |     4 ||     4
         Anguish           |       |       |       |     2 ||     2
         Apportation       |       |       |       |     2 ||     2
         Sculpt Simulacrum |       |       |       |     2 ||     2
 Invoke: Unearth Wretches  |       |       |       |     2 ||     2
  Evoke: Wand              |       |       |    14 |     4 ||    18
         Lightning rod     |       |       |       |     5 ||     5
    Use: Scroll            |       |     2 |     3 |    12 ||    17
         Potion            |       |       |     2 |     7 ||     9
   Stab: Paralysed         |       |       |       |     1 ||     1
 Armour: Skin              |    16 |    26 |    51 |    45 ||   138
  Dodge: Dodged            |    16 |    33 |    62 |    62 ||   173

Table legend: (Time is in decaauts)
 A = Elapsed time spent in this place.
 B = Non-inter-level travel time spent in this place.
 C = Inter-level travel time spent in this place.
 D = Time resting spent in this place.
 E = Time spent auto-exploring this place.
 F = Levels seen in this place.
 G = Mean time per level.
                   A        B        C        D        E       F      G
               +--------+--------+--------+--------+--------+-----+--------+
         Total |   5323 |   4949 |    374 |    303 |   1985 |  13 |  409.5 |
       Dungeon |   4796 |   4440 |    356 |    103 |   1985 |  11 |  436.0 |
        Temple |     20 |      2 |     18 |      0 |      0 |   1 |   20.0 |
        Bailey |    506 |    506 |      0 |    200 |      0 |   1 |  506.0 |
               +--------+--------+--------+--------+--------+-----+--------+

Top non-repeatable levels by time:
     D:6: 876 daAuts
     D:7: 596 daAuts
     D:8: 575 daAuts
     D:4: 564 daAuts
     D:9: 515 daAuts
  Bailey: 506 daAuts
    D:10: 452 daAuts
     D:5: 414 daAuts
     D:3: 375 daAuts
     D:1: 275 daAuts
    D:11: 107 daAuts
     D:2: 43 daAuts
  Temple: 20 daAuts
